 Dungeon Crawl Stone Soup version 0.23.0 (webtiles) character file.

Game seed: 8313002467475278833

28317 Oravi the Fighter (level 13, -4/109 HPs)
             Began as a Gnoll Wanderer on Feb 11, 2019.
             Was a High Priest of Cheibriados.
             Killed by divine providence
             ... invoked by Saint Roka
              (11 damage)
             ... on level 2 of the Orcish Mines.
             The game lasted 01:12:08 (18127 turns).

Oravi the Fighter (Gnoll Wanderer)                 Turns: 18127, Time: 01:12:08

Health: -4/109     AC: 17    Str: 41    XL:     13   Next: 38%
Magic:  15/25      EV: 32    Int: 36    God:    Cheibriados [*****.]
Gold:   860        SH: 16    Dex: 31    Spells: 21/28 levels left

rFire    . . .     SeeInvis .   a - +4 broad axe (freeze)
rCold    . . .     Gourm    .   J - +1 shield
rNeg     . . .     Faith    .   I - +1 chain mail of Defence {Str+4 Dex+3}
rPois    +         Spirit   .   g - +0 helmet
rElec    .         Reflect  .   M - +0 cloak
rCorr    .         Harm     .   S - +1 pair of gloves {Str+3}
MR       +....                  (no boots)
Stlth    ++........             k - amulet of Micowniz {Acrobat rPois Str+3}
HPRegen  0.28/turn              U - ring of protection from magic
MPRegen  0.19/turn              d - +4 ring of strength

@: acrobat, very slow
A: distributed training, fangs 1, strong nose
a: Bend Time, Temporal Distortion, Slouch, Step From Time, Renounce Religion


You were on level 2 of the Orcish Mines.
You worshipped Cheibriados.
Cheibriados was extremely pleased with you.
You were hungry.

You visited 4 branches of the dungeon, and saw 17 of its levels.
You also visited: Ossuary.

You collected 1084 gold pieces.
You spent 224 gold pieces at shops.

Inventory:

Hand Weapons
 a - a +4 broad axe of freezing (weapon)
 b - a +1 hunting sling
 c - a +2 dagger
 r - a +0 mace of draining
 D - a +1 mace of holy wrath
Missiles
 i - 360 stones (quivered)
 s - 3 curare-tipped needles {!f}
 u - 387 arrows
 F - 5 needles of paralysis {!f}
 L - a throwing net {!f}
 V - 3 sling bullets
Armour
 g - a +0 helmet (worn)
 m - a +0 hat of magic resistance
 I - the +1 chain mail of Defence (worn) {Str+4 Dex+3}
   (You found it on level 5 of the Dungeon)

   It affects your strength (+4).
   It affects your dexterity (+3).
 J - a +1 shield (worn)
 M - a +0 cloak (worn)
 R - a +0 scale mail of cold resistance
 S - a +1 pair of gloves of strength (worn)
Jewellery
 d - a +4 ring of strength (right hand)
 k - the amulet of Micowniz (around neck) {Acrobat rPois Str+3}
   (You took it off a centaur on level 12 of the Dungeon)

   [amulet of the acrobat]

   It helps you evade while moving and waiting.
   It affects your strength (+3).
   It protects you from poison.
 t - an uncursed ring of poison resistance
 U - a ring of protection from magic (left hand)
 Y - an uncursed ring of resist corrosion
Wands
 l - a wand of disintegration (14)
 p - a wand of scattershot (1)
 Q - a wand of enslavement (13)
 Z - a wand of clouds (9)
Scrolls
 e - 5 scrolls of identify {@r1}
 h - 9 scrolls of teleportation
 j - 2 scrolls of enchant armour
 n - 4 scrolls of remove curse {@r2}
 o - a scroll of fear
 q - 2 scrolls of enchant weapon
 y - 3 scrolls of immolation
 z - a scroll of noise {unknown}
 N - a scroll of torment {unknown}
 O - 2 scrolls of amnesia
 T - a scroll of fog
 X - a scroll of magic mapping {unknown}
Potions
 v - 4 potions of lignification
 w - a potion of flight
 x - 6 potions of curing {@q1}
 A - a potion of resistance
 B - 3 potions of agility
 C - 2 potions of brilliance
 H - 5 potions of invisibility
 K - 4 potions of cancellation
 P - a potion of might
 W - 2 potions of ambrosia
Comestibles
 f - 19 rations
 E - 18 chunks of flesh


   Skills:
 + Level 12.7 Fighting
 + Level 8.5 Short Blades
 + Level 8.1 Long Blades
 + Level 8.5 Axes
 + Level 8.1 Maces & Flails
 + Level 8.1 Polearms
 + Level 8.1 Staves
 + Level 8.1 Slings
 + Level 8.1 Bows
 + Level 8.1 Crossbows
 + Level 8.1 Throwing
 + Level 8.5 Armour
 + Level 8.1 Dodging
 + Level 8.5 Stealth
 + Level 8.5 Shields
 + Level 8.1 Unarmed Combat
 + Level 8.1 Spellcasting
 + Level 6.7 Conjurations
 + Level 6.7 Hexes
 + Level 6.7 Charms
 + Level 6.7 Summonings
 + Level 6.7 Necromancy
 + Level 6.7 Translocations
 + Level 6.7 Transmutations
 + Level 6.7 Fire Magic
 + Level 6.7 Ice Magic
 + Level 6.7 Air Magic
 + Level 6.7 Earth Magic
 + Level 6.7 Poison Magic
 + Level 8.9 Invocations
 + Level 8.1 Evocations


You had 21 spell levels left.
You knew the following spells:

 Your Spells              Type           Power        Failure   Level  Hunger
a - Static Discharge      Conj/Air       ######..     3%          3    None
b - Summon Lightning Spi  Summ/Air       ######..     12%         4    None

Your spell library contained the following spells:

 Spells                   Type           Power        Failure   Level  Hunger
 Shock                    Conj/Air       ####         1%          1    None
 Summon Small Mammal      Summ           ####         1%          1    None
 Call Imp                 Summ           ######..     1%          2    None
 Swiftness                Chrm/Air       ######..     1%          2    None
 Call Canine Familiar     Summ           ######..     3%          3    None
 Summon Guardian Golem    Hex/Summ       ######..     3%          3    None
 Airstrike                Air            ######....   12%         4    None
 Summon Ice Beast         Ice/Summ       ######..     12%         4    None
 Lightning Bolt           Conj/Air       ######....   32%         5    ###....
 Silence                  Hex/Air        ######....   32%         5    ###....
 Conjure Ball Lightning   Conj/Air       ######....   87%         6    #####..
 Deflect Missiles         Chrm/Air       ######....   87%         6    #####..
 Tornado                  Air            ######....   100%        9    #######


Dungeon Overview and Level Annotations

Branches:
Dungeon (13/15)            Temple (1/1) D:7            Lair (1/6) D:9
    Orc (1/2) D:12
 Vaults: D:13-14

Altars:
Ashenzari
Cheibriados
Dithmenos
Elyvilon
Fedhas
Gozag
Hepliaklqana
Kikubaaqudgha
Makhleb
Nemelex Xobeh
Okawaru
Qazlal
Ru
Sif Muna
Trog
Uskayaw
Vehumet
Wu Jian
Xom
Yredelemnul
Zin
The Shining One
Beogh
Lugonu

Shops:
D:4 }   D:6 !   D:7 (   D:11 ?   D:12 *   Orc:2 [

Annotations:
D:6 2 transporters, PeterQ's ghost, novice TeGl; Prince Ribbit
Orc:2 Saint Roka


Innate Abilities, Weirdness & Mutations

Your experience applies equally to all skills.
You have very sharp teeth.
Your uncanny sense of smell can sniff out nearby items.


Message History

You step out of the flow of time.
You return to the normal time flow.
You are feeling hungry.
Cheibriados lowers the support of your attributes as your movement quickens. 3 orcs and an orc high priest come into view.
An orc is wielding a +0 falchion of holy wrath.
The orc shouts! x3; The orc priest shouts!
The orc shouts!
You hear a howl!
The orc warrior shouts!
The orc priest shouts!
Saint Roka shouts!
The orc shouts!
You hear a shout!
The orc sorcerer shouts!
You hear a shout! x4
Saint Roka invokes the aid of Beogh against you.
Beogh smites you!
* * * LOW HITPOINT WARNING * * *
The orc sorcerer points at you and mumbles some strange words.
The bolt of fire misses you. You block the orc's attack.
The orc high priest utters an invocation to Beogh.
An orc comes into view. It is wielding a +0 flail.
The orc warrior shouts! x2; The orc shouts!
You hear a shout!
Saint Roka mumbles some strange prayers to Beogh against you.
Beogh smites you!
You die... 8... ####..o ..#o.. oo.o.

#.o.
#.8.#####
4..#..)#o.)#
.ooo.oo')..#
.o.#..o#@).#
#ooo#####
#8.o. #∩...h
###._. ####


You could see Saint Roka, an orc high priest, 3 orc warriors, an orc priest, an
orc wizard (wandering) and 4 orcs.

Vanquished Creatures
  Gastronok (D:8)
  Josephine (D:12)
  A hydra (D:13)
  3 two-headed ogres
  A centaur warrior (D:13)
  An unseen horror (D:12)
  An ugly thing (D:12)
  3 deep elf magi
  A manticore (D:12)
  2 cyclopes
  Psyche (D:10)
  A gargoyle (D:10)
  2 spiny frogs (Lair:1)
  A komodo dragon (Lair:1)
  A queen bee (D:8)
  5 trolls
  3 slime creatures (D:13)
  2 hornets
  8 hippogriffs
  Sigmund (D:4)
  7 wraiths
  22 yaks
  A steam dragon (D:8)
  A hungry ghost (D:10)
  An acid dragon (D:13)
  A warg (Orc:1)
  2 porcupines (Lair:1)
  15 orc warriors
  3 phantoms
  3 black bears
  An ice beast (D:5)
  5 sky beasts
  A necrophage (D:9)
  11 centaurs
  10 ogres
  A boggart (D:12)
  2 big kobolds
  5 crocodiles
  An elf zombie (Ossuary)
  8 bullfrogs
  A water moccasin zombie (D:9)
  A wyvern skeleton (D:13)
  A wyvern zombie (D:10)
  3 scorpions
  A water moccasin skeleton (D:9)
  18 killer bees
  2 troll skeletons (D:9)
  A wight (D:9)
  4 howler monkeys
  2 centaur zombies
  5 crimson imps
  7 jellies
  A quasit (D:9)
  4 human zombies
  2 bullfrog skeletons (D:7)
  6 hounds
  4 orc priests
  2 centaur skeletons
  A human skeleton (D:9)
  An iron imp (D:9)
  5 worker ants
  3 iguanas
  11 orc wizards
  A killer bee zombie (D:10)
  A big kobold zombie (Ossuary)
  An ogre zombie (D:9)
  3 mummies
  10 adders
  3 gnolls (D:5)
  5 shadow imps
  3 adder zombies
  6 worms
  2 dart slugs
  7 leopard geckos
  73 orcs
  10 bats
  5 giant cockroaches
  9 goblins
  7 hobgoblins
  8 jackals
  5 quokkas
  8 frilled lizards
  4 goblin zombies (Ossuary)
  8 hobgoblin zombies (Ossuary)
  A jackal zombie (Ossuary)
  23 kobolds
  12 kobold zombies (Ossuary)
  7 orc zombies
  A quokka skeleton (D:6)
  4 rats
  A fungus (Lair:1)
455 creatures vanquished.

Vanquished Creatures (collateral kills)
  A killer bee (Temple)
1 creature vanquished.

Vanquished Creatures (others)
  6 plants (D:6)
6 creatures vanquished.

Grand Total: 462 creatures vanquished

Notes
Turn   | Place    | Note
-------+----------+-------------------------------------------
     0 | D:1      | Reached skill level 10 in Fighting
     0 | D:1      | Oravi the Gnoll Wanderer began the quest for the Orb.
     0 | D:1      | Oravi set off with the following items: a +2 dagger, a
                  | potion of berserk rage, a +0 hand axe, a +0 short sword, a
                  | +0 robe, a ration
     0 | D:1      | Reached XP level 1. HP: 28/28 MP: 1/1
    76 | D:1      | Reached XP level 2. HP: 35/36 MP: 2/2
   774 | D:2      | Noticed a phantom
   812 | D:2      | Reached XP level 3. HP: 42/42 MP: 3/3
  1224 | D:2      | You fall through a shaft for 2 floors!
  1224 | D:4      | Noticed an ogre
  1226 | D:4      | Killed an ogre
  1226 | D:4      | Reached skill level 1 in Long Blades
  1226 | D:4      | Reached skill level 1 in Maces & Flails
  1226 | D:4      | Reached skill level 1 in Polearms
  1226 | D:4      | Reached skill level 1 in Staves
  1226 | D:4      | Reached skill level 1 in Slings
  1226 | D:4      | Reached skill level 1 in Bows
  1226 | D:4      | Reached skill level 1 in Crossbows
  1226 | D:4      | Reached skill level 1 in Throwing
  1226 | D:4      | Reached skill level 1 in Dodging
  1226 | D:4      | Reached skill level 1 in Unarmed Combat
  1226 | D:4      | Reached skill level 1 in Spellcasting
  1226 | D:4      | Reached skill level 1 in Conjurations
  1226 | D:4      | Reached skill level 1 in Hexes
  1226 | D:4      | Reached skill level 1 in Charms
  1226 | D:4      | Reached skill level 1 in Summonings
  1226 | D:4      | Reached skill level 1 in Necromancy
  1226 | D:4      | Reached skill level 1 in Translocations
  1226 | D:4      | Reached skill level 1 in Transmutations
  1226 | D:4      | Reached skill level 1 in Fire Magic
  1226 | D:4      | Reached skill level 1 in Ice Magic
  1226 | D:4      | Reached skill level 1 in Air Magic
  1226 | D:4      | Reached skill level 1 in Earth Magic
  1226 | D:4      | Reached skill level 1 in Poison Magic
  1226 | D:4      | Reached skill level 1 in Invocations
  1226 | D:4      | Reached skill level 1 in Evocations
  1226 | D:4      | Reached XP level 4. HP: 24/48 MP: 5/5
  1226 | D:4      | Reached XP level 5. HP: 27/54 MP: 6/6
  1662 | D:4      | Reached XP level 6. HP: 33/61 MP: 8/8
  2333 | D:2      | Killed a phantom
  3695 | D:4      | Reached XP level 7. HP: 65/67 MP: 10/10
  3868 | D:4      | Noticed Sigmund
  3988 | D:4      | Killed Sigmund
  4360 | D:4      | Found Xilim's Gadget Boutique.
  4951 | D:5      | Entered Level 5 of the Dungeon
  5037 | D:5      | Got an ichor-stained chain mail
  5038 | D:5      | Identified the +1 chain mail of Defence {Str+4 Dex+3} (You
                  | found it on level 5 of the Dungeon)
  5346 | D:5      | Reached XP level 8. HP: 47/74 MP: 12/12
  6311 | D:6      | You fall through a shaft for 2 floors!
  6614 | D:7      | Found an iron altar of Okawaru.
  6696 | D:7      | Found a sand-covered staircase.
  6702 | Ossuary  | Entered an ossuary
  7139 | D:6      | Got a bloodstained ring mail
  7165 | D:6      | Reached skill level 11 in Fighting
  7165 | D:6      | Reached XP level 9. HP: 44/81 MP: 14/14
  7172 | D:6      | Noticed Prince Ribbit
  7333 | D:6      | Identified the cursed +0 buckler of Lifelessness {rC+
                  | Stlth+}
  7538 | D:6      | Identified the cursed +1 ring mail of Roadaont {+Fly Dex+3
                  | Slay+3} (You found it on level 6 of the Dungeon)
  7680 | D:6      | Found Diteam's Distillery.
  7701 | D:6      | Found a transporter.
  7709 | D:6      | Found a transporter.
  7952 | D:6      | Noticed PeterQ's ghost (novice TeGl)
  8064 | D:7      | Found a staircase to the Ecumenical Temple.
  8073 | Temple   | Entered the Ecumenical Temple
  9411 | D:7      | Found Toukla's Antique Weapon Shop.
  9419 | D:7      | Bought a runed broad axe for 224 gold pieces
  9592 | D:8      | Reached skill level 5 in Short Blades
  9592 | D:8      | Reached skill level 5 in Axes
  9592 | D:8      | Reached skill level 5 in Armour
  9592 | D:8      | Reached skill level 5 in Shields
  9623 | D:8      | Noticed a queen bee
  9640 | D:8      | Killed a queen bee
  9640 | D:8      | Reached skill level 5 in Stealth
  9696 | D:8      | Reached skill level 5 in Invocations
  9804 | D:8      | Reached XP level 10. HP: 88/88 MP: 17/17
  9901 | D:8      | Found an iron altar of Okawaru.
  9901 | D:8      | Found a glowing golden altar of the Shining One.
  9901 | D:8      | Found a white marble altar of Elyvilon.
  9972 | D:8      | Noticed Gastronok
 10449 | D:8      | Killed Gastronok
 10449 | D:8      | Reached skill level 5 in Long Blades
 10449 | D:8      | Reached skill level 5 in Maces & Flails
 10449 | D:8      | Reached skill level 5 in Polearms
 10449 | D:8      | Reached skill level 5 in Staves
 10449 | D:8      | Reached skill level 5 in Slings
 10449 | D:8      | Reached skill level 5 in Bows
 10449 | D:8      | Reached skill level 5 in Crossbows
 10449 | D:8      | Reached skill level 5 in Throwing
 10449 | D:8      | Reached skill level 5 in Dodging
 10449 | D:8      | Reached skill level 5 in Unarmed Combat
 10449 | D:8      | Reached skill level 5 in Spellcasting
 10449 | D:8      | Reached skill level 5 in Evocations
 10682 | D:8      | Found a hazy altar of Hepliaklqana.
 11207 | D:9      | Found a staircase to the Lair.
 11253 | D:9      | Found a burning altar of Makhleb.
 11319 | D:9      | Found a basalt altar of Yredelemnul.
 11617 | D:9      | Found a snail-covered altar of Cheibriados.
 11627 | D:9      | Became a worshipper of Cheibriados the Contemplative
 11732 | D:9      | Reached XP level 11. HP: 85/95 MP: 19/19
 11760 | D:9      | Found a sparkling altar of Nemelex Xobeh.
 11760 | D:9      | Noticed a deep elf mage
 11773 | D:9      | Killed a deep elf mage
 12152 | D:10     | Entered Level 10 of the Dungeon
 12225 | D:10     | Reached * piety under Cheibriados
 12381 | D:10     | Reached skill level 5 in Conjurations
 12381 | D:10     | Reached skill level 5 in Hexes
 12381 | D:10     | Reached skill level 5 in Charms
 12381 | D:10     | Reached skill level 5 in Summonings
 12381 | D:10     | Reached skill level 5 in Necromancy
 12381 | D:10     | Reached skill level 5 in Translocations
 12381 | D:10     | Reached skill level 5 in Transmutations
 12381 | D:10     | Reached skill level 5 in Fire Magic
 12381 | D:10     | Reached skill level 5 in Ice Magic
 12381 | D:10     | Reached skill level 5 in Air Magic
 12381 | D:10     | Reached skill level 5 in Earth Magic
 12381 | D:10     | Reached skill level 5 in Poison Magic
 12711 | D:10     | Reached ** piety under Cheibriados
 12994 | D:10     | Noticed Psyche
 13005 | D:10     | Killed Psyche
 13450 | D:11     | Noticed a cyclops
 13494 | D:11     | Noticed a two-headed ogre
 13494 | D:11     | Noticed a two-headed ogre
 13505 | D:10     | Reached skill level 12 in Fighting
 13791 | D:11     | Reached *** piety under Cheibriados
 13887 | D:11     | Killed a two-headed ogre
 13947 | D:11     | Reached XP level 12. HP: 97/102 MP: 22/22
 14074 | D:11     | Killed a two-headed ogre
 14647 | D:11     | Reached **** piety under Cheibriados
 14654 | D:11     | Learned a level 3 spell: Static Discharge
 14709 | D:11     | Found Hevvixie's Magic Scroll Shop.
 14757 | D:12     | Found a roughly hewn altar of Beogh.
 15027 | D:12     | Found a staircase to the Orcish Mines.
 15049 | D:12     | Found Zadghud's Demolitions Depot.
 15200 | D:12     | Noticed Josephine
 15209 | D:12     | Killed Josephine
 15490 | D:12     | Reached ***** piety under Cheibriados
 15869 | D:12     | Found a corrupted altar of Lugonu.
 16165 | D:12     | Identified the amulet of Micowniz {Acrobat rPois Str+3}
 16770 | D:13     | Noticed a two-headed ogre
 16777 | D:13     | Killed a two-headed ogre
 16838 | D:13     | Reached XP level 13. HP: 109/109 MP: 24/24
 17431 | D:13     | Learned a level 4 spell: Summon Lightning Spire
 17527 | Lair:1   | Entered Level 1 of the Lair of Beasts
 17794 | Lair:1   | Reached ****** piety under Cheibriados
 17996 | Orc:1    | Entered Level 1 of the Orcish Mines
 18093 | Orc:1    | You fall through a shaft!
 18093 | Orc:2    | Entered Level 2 of the Orcish Mines
 18117 | Orc:2    | Found Huhah's Antique Armour Emporium.
 18118 | Orc:2    | Found a roughly hewn altar of Beogh.
 18118 | Orc:2    | Noticed Saint Roka
 18127 | Orc:2    | Killed from afar by Saint Roka

Skill      XL: |  1  2  3  4  5  6  7  8  9 10 11 12 13 |
---------------+----------------------------------------+-----
Fighting       | 11 12 | 12.7
Long Blades    | 1 2 3 4 5 6 7 8 |  8.1
Maces & Flails | 1 2 3 4 5 6 7 8 |  8.1
Polearms       | 1 2 3 4 5 6 7 8 |  8.1
Staves         | 1 2 3 4 5 6 7 8 |  8.1
Slings         | 1 2 3 4 5 6 7 8 |  8.1
Bows           | 1 2 3 4 5 6 7 8 |  8.1
Crossbows      | 1 2 3 4 5 6 7 8 |  8.1
Throwing       | 1 2 3 4 5 6 7 8 |  8.1
Dodging        | 1 2 3 4 5 6 7 8 |  8.1
Unarmed Combat | 1 2 3 4 5 6 7 8 |  8.1
Spellcasting   | 1 2 3 4 5 6 7 8 |  8.1
Conjurations   | 1 2 3 4 5 6 |  6.7
Hexes          | 1 2 3 4 5 6 |  6.7
Charms         | 1 2 3 4 5 6 |  6.7
Summonings     | 1 2 3 4 5 6 |  6.7
Necromancy     | 1 2 3 4 5 6 |  6.7
Translocations | 1 2 3 4 5 6 |  6.7
Transmutations | 1 2 3 4 5 6 |  6.7
Fire Magic     | 1 2 3 4 5 6 |  6.7
Ice Magic      | 1 2 3 4 5 6 |  6.7
Air Magic      | 1 2 3 4 5 6 |  6.7
Earth Magic    | 1 2 3 4 5 6 |  6.7
Poison Magic   | 1 2 3 4 5 6 |  6.7
Invocations    | 1 2 3 4 5 6 7 8 |  8.9
Evocations     | 1 2 3 4 5 6 7 8 |  8.1
Short Blades   | 3 4 5 6 7 8 |  8.5
Axes           | 3 4 5 6 7 8 |  8.5
Armour         | 3 4 5 6 7 8 |  8.5
Shields        | 3 4 5 6 7 8 |  8.5
Stealth        | 3 4 5 6 7 8 |  8.5

Action                   |  1- 3 |  4- 6 |  7- 9 | 10-12 | 13-15 || total
-------------------------+-------+-------+-------+-------+-------++-------
Melee: Hand axe          |   111 |   111 |   324 |       |       ||   546
       Bite              |    12 |    13 |    54 |    77 |    12 ||   168
       Punch             |       |     2 |     2 |       |       ||     4
       Dagger            |       |       |     1 |       |       ||     1
       Broad axe         |       |       |    41 |   389 |    62 ||   492
       Hunting sling     |       |       |       |     1 |       ||     1
 Fire: Hunting sling     |       |   102 |   252 |   483 |   130 ||   967
Throw: Stone             |    14 |       |       |       |       ||    14
       Tomahawk          |       |       |       |     2 |       ||     2
Invok: Step From Time    |       |       |       |       |     1 ||     1
Evoke: Wand              |       |     1 |     4 |     9 |       ||    14
  Use: Potion            |       |     1 |     3 |     1 |     1 ||     6
       Scroll            |       |     5 |    16 |     5 |     2 ||    28
 Stab: Sleeping          |     5 |       |     1 |       |       ||     6
       Distracted        |       |     1 |       |       |       ||     1
  Eat: Chunk             |     1 |     4 |    13 |    16 |     2 ||    36
       Ration            |       |     1 |     2 |       |       ||     3
Armor: Robe              |    16 |       |       |       |       ||    16
       Leather armour    |    20 |    25 |       |       |       ||    45
       Chain mail        |       |     7 |   243 |   209 |    31 ||   490
       Acid dragon scale |       |       |     4 |       |       ||     4
Dodge: Dodged            |    75 |    81 |   122 |   192 |    53 ||   523
Block: Shield            |       |       |   214 |   366 |   101 ||   681
